 Dungeon Crawl Stone Soup version 0.30-a0-219-gf2db51d15e (webtiles) character file.

Game seed: 7599771661245489662

813 LnG the Covert (level 8, -5/45 (48) HPs)
             Began as a Kobold Summoner on Oct 7, 2022.
             Slain by an orc priest
             ... wielding a +1 vorpal flail
              (9 damage)
             ... on level 6 of the Dungeon.
             The game lasted 00:14:54 (5754 turns).

LnG the Covert (Kobold Summoner)                    Turns: 5754, Time: 00:14:56

HP:   -5/45 (48)    AC:  4    Str:  5    XL:     8   Next: 15%
MP:   8/13          EV: 15    Int: 22    God:
Gold: 548           SH:  0    Dex: 14    Spells: 5/14 levels left

rFire   . . .      SeeInvis .    (weapon restricted)
rCold   . . .      Faith    .    (no shield)
rNeg    . . .      Spirit   .    a - +0 robe
rPois   .          Reflect  .    (helmet restricted)
rElec   .          Harm     .    (no cloak)
rCorr   .          Rampage  .    (no gloves)
Will    .....      Rage     3%   (no boots)
Stlth   +++++.....               (no amulet)
HPRegen 0.27/turn                (no ring)
MPRegen 0.13/turn                (no ring)

@: about to teleport, drained
A: small, no large weapons, nightstalker 3, beak, iridescent scales 1, berserk
1, clever 1, robust 1
a: no special abilities


You were on level 6 of the Dungeon.
You visited 1 branch of the dungeon, and saw 6 of its levels.

You collected 548 gold pieces.

Inventory:

Hand Weapons
 d - a +3 dagger
 t - a +4 short sword
Armour
 a - a +0 robe (worn)
Wands
 j - a wand of flame (18)
 k - a wand of digging (3)
Scrolls
 b - a scroll of butterflies (quivered)
 e - 3 scrolls of teleportation
 h - a scroll of amnesia
 m - a scroll of enchant weapon {unknown}
 n - a scroll of immolation {unknown}
Potions
 c - a potion of flight {unknown}
 f - a potion of heal wounds {unknown}
 g - a potion of lignification {unknown}
 i - a potion of curing {unknown}
 l - a potion of magic
 o - 2 potions of invisibility
 p - a potion of cancellation {unknown}
 q - a potion of haste
 r - a potion of attraction {unknown}
 s - a potion of berserk rage {unknown}


   Skills:
 + Level 1.7 Fighting
 + Level 3.7 Short Blades
 + Level 3.3 Dodging
 * Level 8.6 Stealth
 + Level 3.8 Spellcasting
 + Level 5.4 Summonings


You had 5 spell levels left.
You knew the following spells:

 Your Spells              Type           Power      Damage    Failure   Level
a - Summon Small Mammal   Summ           100%       N/A       1%          1
b - Call Imp              Summ           28%        N/A       1%          2
c - Call Canine Familiar  Summ           28%        N/A       3%          3
d - Summon Guardian Gole  Hex/Summ       16%        N/A       11%         3

Your spell library contained the following spells:

 Spells                   Type           Power      Damage    Failure   Level
 Summon Lightning Spire   Summ/Air       16%        N/A       36%         4
 Anguish                  Hex/Necr       2%         N/A       75%         4
 Enfeeble                 Hex            2%         N/A       100%        7


Dungeon Overview and Level Annotations

Branches:
Dungeon (6/15)
 Temple: D:4-7

Altars:
Fedhas
Trog
Uskayaw

Shops:
D:3 (

Annotations:
D:5 3 runed translucent doors, ryw's ghost, amateur HuFi


Innate Abilities, Weirdness & Mutations

You are small and have problems with some larger weapons.
You are completely attuned to the shadows.
You have a beak for a mouth.
You are partially covered in iridescent scales. (AC +2)
You sometimes lose your temper in combat.
Your mind is acute. (Int +4, Str/Dex -1)
You are robust. (+10% HP)


Message History

The orc wizard casts a spell.
The orc wizard flickers and vanishes!
Deactivating autopickup; reactivate with Ctrl-A.
The orc hits you with a +0 club.
Casting: Call Canine Familiar (dangerous; 3% risk of failure)
Confirm with . or Enter, or press ? or * to list all spells.
The orc priest calls down the wrath of Beogh upon you.
Beogh smites you!
The orc priest looks encouraged for a moment.
The orc priest attacks as you move away!
The orc priest hits you with a +0 hand axe.
* * * LOW HITPOINT WARNING * * *
The orc priest closely misses your hound.
You barely miss the orc priest. Your peck misses the orc priest.
The orc priest is heavily wounded.
Your hound barely misses the orc priest.
The orc priest mumbles some strange prayers to Beogh against you.
Your hound writhes in agony.
The orc priest begins to cast a cantrip, but forgets the words!
The orc hits you but does no damage.
Unknown command.
You hit something but do no damage. Your peck misses something.
Your hound barely misses the orc priest.
Unknown command.
As you read the scroll of teleportation, it crumbles to dust.
You feel strangely unstable.
Your hound bites the orc priest but does no damage.
The orc priest looks satisfied for a moment.
The orc priest barely misses you. Something hits you.
* * * LOW HITPOINT WARNING * * *
The orc hits you with a +0 club.
* * * LOW HITPOINT WARNING * * *
Your hound barely misses the orc priest.
You are now empty-handed.
The orc priest hits your hound with a +0 hand axe!
Something hits you.
* * * LOW HITPOINT WARNING * * *
The orc barely misses you.
The orc priest hits you with a +1 vorpal flail!
You die...

#########
........#
........#
......o.#
.....{@.#
>....oh.#
...##o###
... ..#
.. #..#
....


You could see 2 orc priests, an orc and a friendly hound (summoned).

Vanquished Creatures
  A water moccasin (D:5)
  A black bear (D:4)
  An ogre (D:4)
  A hound (D:4)
  2 orc priests
  Jessica (D:3)
  Robin (D:3)
  3 gnolls
  6 adders
  A worm (D:2)
  2 dart slugs
  11 orcs
  A bat (D:1)
  An endoplasm (D:1)
  8 goblins
  9 hobgoblins
  A jackal (D:1)
  5 quokkas
  4 ball pythons
  2 frilled lizards
  5 kobolds
  4 rats (D:1)
71 creatures vanquished.

Vanquished Creatures (collateral kills)
  2 wights (D:6)
  Ijyb (D:3)
  Terence (D:3)
  5 gnolls
  An adder (D:2)
  A dart slug (D:3)
  2 orcs
  An endoplasm (D:1)
  A giant cockroach (D:3)
  4 hobgoblins (D:3)
  5 jackals (D:1)
  A quokka (D:2)
  A ball python (D:1)
  A frilled lizard (D:3)
  6 goblins
  A kobold (D:1)
34 creatures vanquished.

Vanquished Creatures (others)
  A wight (D:6)
1 creature vanquished.

Grand Total: 106 creatures vanquished

Notes
Turn   | Place    | Note
-------+----------+-------------------------------------------
     0 | D:1      | LnG the Kobold Summoner began the quest for the Orb.
     0 | D:1      | Reached XP level 1. HP: 10/10 MP: 3/3
   196 | D:1      | Reached skill level 3 in Stealth
   209 | D:1      | Reached XP level 2. HP: 14/15 MP: 1/5
   303 | D:1      | Learned a level 2 spell: Call Imp
   814 | D:1      | Reached XP level 3. HP: 16/19 MP: 3/6
   818 | D:1      | Learned a level 3 spell: Call Canine Familiar
  1071 | D:1      | Found a faded altar of an unknown god.
  1416 | D:2      | Reached skill level 1 in Short Blades
  1416 | D:2      | Reached XP level 4. HP: 9/24 MP: 3/7
  1625 | D:2      | Reached skill level 4 in Stealth
  2151 | D:3      | Found a hide-covered altar of Uskayaw.
  2256 | D:3      | Noticed Terence
  2268 | D:3      | Killed Terence
  2269 | D:3      | Reached XP level 5. HP: 28/28 MP: 3/8
  2408 | D:3      | Found Eroir's Antique Weapon Boutique.
  2750 | D:3      | Noticed Jessica
  2756 | D:3      | Killed Jessica
  2757 | D:3      | Reached skill level 5 in Stealth
  2786 | D:3      | Gained mutation: You have a pair of small antennae on your
                  | head. [potion of mutation]
  2870 | D:3      | Found a blossoming altar of Fedhas.
  2905 | D:3      | Noticed Robin
  2912 | D:3      | Learned a level 3 spell: Summon Guardian Golem
  3083 | D:3      | Reached XP level 6. HP: 33/33 MP: 4/10
  3097 | D:3      | Killed Robin
  3153 | D:3      | Lost mutation: You have a pair of small antennae on your
                  | head. [potion of mutation]
  3153 | D:3      | Gained mutation: You have hidden genetic defects. [potion
                  | of mutation]
  3153 | D:3      | Gained mutation: Your mind is acute. (Int +4, Str/Dex -1)
                  | [potion of mutation]
  3153 | D:3      | Gained mutation: You have a pair of small horns on your
                  | head. [potion of mutation]
  3303 | D:3      | Noticed Ijyb
  3311 | D:3      | Killed Ijyb
  3564 | D:3      | Reached skill level 1 in Fighting
  3584 | D:3      | Gained mutation: You are occasionally teleported next to
                  | monsters. [hidden defects]
  3864 | D:4      | Reached skill level 5 in Summonings
  3869 | D:4      | Noticed an ogre
  3888 | D:4      | Killed an ogre
  3889 | D:4      | Reached skill level 6 in Stealth
  3905 | D:4      | Gained mutation: You sometimes lose your temper in combat.
                  | [hidden defects]
  3905 | D:4      | Lost mutation: You have hidden genetic defects. [hidden
                  | defects expressed]
  3948 | D:4      | Found a bloodstained altar of Trog.
  4034 | D:4      | Reached XP level 7. HP: 38/38 MP: 12/12
  4227 | D:4      | Identified a scroll of acquirement
  4228 | D:4      | Acquired 398 gold pieces
  4696 | D:5      | Entered Level 5 of the Dungeon
  4771 | D:5      | Reached skill level 7 in Stealth
  5016 | D:5      | Noticed a water moccasin
  5020 | D:5      | Killed a water moccasin
  5061 | D:5      | Reached skill level 8 in Stealth
  5231 | D:5      | Lost mutation: You are occasionally teleported next to
                  | monsters. [potion of mutation]
  5231 | D:5      | Lost mutation: You have a pair of small horns on your head.
                  | [potion of mutation]
  5231 | D:5      | Gained mutation: You are robust. (+10% HP) [potion of
                  | mutation]
  5231 | D:5      | Gained mutation: You have a beak for a mouth. [potion of
                  | mutation]
  5231 | D:5      | Gained mutation: You are partially covered in iridescent
                  | scales. (AC +2) [potion of mutation]
  5292 | D:5      | Found a runed translucent gate.
  5293 | D:5      | Found a runed translucent gate.
  5294 | D:5      | Found a runed translucent gate.
  5348 | D:5      | Noticed ryw's ghost (amateur HuFi)
  5349 | D:5      | Identified the +7 hand axe "Boysioc" {freeze, Will+}
  5349 | D:5      | Identified the +1 leather armour of Darkness {Will+ Regen+
                  | rCorr MP+9}
  5474 | D:6      | Reached XP level 8. HP: 41/48 MP: 9/13
  5754 | D:6      | Slain by an orc priest

Illustrated notes

Levels and vault maps discovered:
D:1:      dpeg_arrival_brainrot, layout_loops_ring,
          shapermc_ecumenical_altar_pompeii
D:2:      layout_rooms
D:3:      layout_basic, mainiacjoe_overflow_alcove_1,
          mainiacjoe_overflow_catwalk, serial_shops,
          nicolae_shop_hallway_stairs, serial_co_window_serial,
          co_window_corner_a, co_window_of_opportunity_a, co_window_paths_b,
          co_window_paths_a, co_window_of_opportunity_a,
          co_window_unsneaky_path_d, co_window_cross_4,
          co_window_of_opportunity_b, co_window_corner_b, co_window_paths_c,
          co_window_unsneaky_path_c, co_window_unsneaky_path_c,
          co_window_4corner_b, glass_columns_c, glass_columns_c,
          glass_columns_a, glass_columns_c, uniq_jessica, uniq_ijyb,
          uniq_terence, uniq_robin
D:4:      layout_gridville, trog_three_pillars_becter
D:5:      layout_basic, biasface_ghost_orc_armoury, corexii_corridor_pit
D:6:      layout_basic, zin_angel, mainiacjoe_overflow_alcove_2,
          minmay_temple_entry_glassed_door, serial_shops, kennysheep_mini_moat,
          nicolae_shop_overcharged_wands

Skill      XL: |  1  2  3  4  5  6  7 |
---------------+----------------------+-----
Stealth        | 3 4 5 6 8 |  8.6
Short Blades   | 1 2 3 |  3.7
Dodging        | 3 |  3.3
Spellcasting   | 3 |  3.8
Fighting       | 1 |  1.7
Summonings     | 5 |  5.4

Action                   |  1- 3 |  4- 6 |  7- 9 || total
-------------------------+-------+-------+-------++-------
Melee: Dagger            |    63 |    89 |    58 ||   210
       Punch             |       |     1 |     1 ||     2
       Headbutt          |       |     3 |     6 ||     9
       Peck              |       |       |     5 ||     5
       Short sword       |       |       |     8 ||     8
 Cast: Summon Small Mamm |    18 |       |       ||    18
       Call Imp          |     6 |     5 |     3 ||    14
       Call Canine Famil |       |    12 |     8 ||    20
  Use: Potion            |     1 |     3 |     1 ||     5
       Scroll            |     3 |     1 |     3 ||     7
 Stab: Sleeping          |     8 |    15 |    14 ||    37
       Distracted        |       |     1 |     1 ||     2
Armor: Robe              |    10 |     4 |     2 ||    16
Dodge: Dodged            |    57 |    59 |    34 ||   150

Table legend: (Time is in decaauts)
 A = Elapsed time spent in this place.
 B = Non-inter-level travel time spent in this place.
 C = Inter-level travel time spent in this place.
 D = Time resting spent in this place.
 E = Time spent auto-exploring this place.
 F = Levels seen in this place.
 G = Mean time per level.
                   A        B        C        D        E       F      G
               +--------+--------+--------+--------+--------+-----+--------+
         Total |   5730 |   5309 |    421 |    722 |   3554 |   6 |  955.0 |
       Dungeon |   5730 |   5309 |    421 |    722 |   3554 |   6 |  955.0 |
               +--------+--------+--------+--------+--------+-----+--------+

Top non-repeatable levels by time:
     D:3: 1944 daAuts
     D:1: 1278 daAuts
     D:4: 831 daAuts
     D:5: 821 daAuts
     D:2: 618 daAuts
     D:6: 236 daAuts
